 Dungeon Crawl Stone Soup version 0.26.0-10-g1f06aea511 (webtiles) character file.

Game seed: 11903031400977527644

36 Borgoz the Slasher (level 3, -1/29 HPs)
             Began as a Ghoul Gladiator on Jan 13, 2021.
             Slain by a kobold
             ... wielding a +0 short sword
              (2 damage)
             ... on level 2 of the Dungeon.
             The game lasted 00:00:53 (820 turns).

Borgoz the Slasher (Ghoul Gladiator)                 Turns: 820, Time: 00:00:54

Health: -1/29      AC:  4    Str: 17    XL:     3   Next: 37%
Magic:  2/2        EV: 12    Int:  3    God:
Gold:   104        SH:  0    Dex: 11    Spells: 2/2 levels left

rFire    . . .     SeeInvis .   a - +0 long sword
rCold    + . .     Faith    .   (no shield)
rNeg     + + +     Spirit   .   b - +0 leather armour
rPois    ∞         Reflect  .   c - +0 helmet
rElec    .         Harm     .   (no cloak)
rCorr    .         Rampage  .   (no gloves)
Will     .....                  (no boots)
Stlth    +.........             (no amulet)
HPRegen  0.00/turn              (no ring)
MPRegen  0.08/turn              (no ring)

@: no status effects
A: claws 1, cold resistance 1, negative energy resistance 3, inhibited
regeneration, torment resistance, unbreathing
a: no special abilities


You were on level 2 of the Dungeon.
You visited 1 branch of the dungeon, and saw 2 of its levels.

You collected 104 gold pieces.

Inventory:

Hand Weapons
 a - a +0 long sword (weapon)
Missiles
 d - 3 throwing nets (quivered)
Armour
 b - a +0 leather armour (worn)
 c - a +0 helmet (worn)
Jewellery
 k - a cursed -4 ring of dexterity {unknown}
Scrolls
 g - a scroll of remove curse {unknown}
 j - a scroll of enchant armour {unknown}
 l - a scroll of teleportation {unknown}
Potions
 e - a potion of brilliance {unknown}
 f - a potion of curing {unknown}
 h - a potion of heal wounds {unknown}
 i - 2 potions of might {unknown}
 m - a potion of degeneration {unknown}


   Skills:
 - Level 2.1 Fighting
 * Level 3.4 Long Blades
 - Level 1.7 Throwing
 + Level 1.1 Armour
 + Level 3.0 Dodging


You had 2 spell levels left.
You didn't know any spells.
Your spell library was empty.

Dungeon Overview and Level Annotations

Branches:
Dungeon (2/15)

Altars:


Innate Abilities, Weirdness & Mutations

You thrive by killing the living.
You are immune to poison.
You have sharp fingernails.
Your flesh is cold resistant. (rC+)
You are immune to negative energy. (rN+++)
You do not regenerate when monsters are visible.
You are immune to unholy pain and torment.
You can survive without breathing.


Message History

The kobold hits you but does no damage.
You barely miss the kobold.
The kobold is moderately wounded.
The kobold hits you but does no damage. x2
You hit the kobold.
You kill the kobold!
You feel better.
The kobold throws a stone.
The stone misses you. The kobold closely misses you.
You see here a +0 dagger.
You closely miss the kobold. The kobold barely misses you. x2
You barely miss the kobold. The kobold hits you but does no damage.
You hit the kobold but do no damage. The kobold hits you but does no damage.
You barely miss the kobold.
The kobold hits you with a +0 short sword.
* * * LOW HITPOINT WARNING * * *
You closely miss the kobold.
The kobold hits you with a +0 short sword.
* * * LOW HITPOINT WARNING * * *
The kobold hits you with a +0 short sword.
You die...

#.# #.# ########## #
#.# #.........
###.##.# #.########
.......#####.#####
#<...†).....# #######
###########.##.≈≈≈≈≈≈
#.#...≈≈≈≈≈
#@#(.......
#K(.)......
###........ #...≈≈≈≈≈
##.≈≈≈≈≈≈ #######


You could see a kobold.

Vanquished Creatures
  A worm (D:2)
  2 dart slugs (D:1)
  A leopard gecko (D:1)
  2 bats (D:1)
  A giant cockroach (D:1)
  2 goblins
  2 hobgoblins (D:1)
  2 jackals (D:1)
  4 frilled lizards (D:1)
  6 kobolds
  5 rats (D:1)
28 creatures vanquished.

Notes
Turn   | Place    | Note
-------+----------+-------------------------------------------
     0 | D:1      | Borgoz the Ghoul Gladiator began the quest for the Orb.
     0 | D:1      | Reached XP level 1. HP: 17/17 MP: 0/0
   107 | D:1      | Reached XP level 2. HP: 15/24 MP: 1/1
   543 | D:1      | Reached XP level 3. HP: 24/29 MP: 2/2
   752 | D:2      | Reached skill level 1 in Armour
   820 | D:2      | HP: 1/29 [kobold/+0 short sword (3)]
   820 | D:2      | Slain by a kobold

Illustrated notes

Levels and vault maps discovered:
D:1:      lightli_arrival_maybe_door_vault, layout_rooms, corner_web_ring,
          hangedman_abyss_or_decor_stabs, minmay_liquid_box
D:2:      minmay_kobold_bridge, layout_basic, tso_oasis_becter, uniq_natasha,
          uniq_jessica

Skill      XL: |  1  2  3 |
---------------+----------+-----
Long Blades    | 3 |  3.4
Dodging        | 3 |  3.0
Armour         | 1 |  1.1
Fighting       | |  2.1
Throwing       | |  1.7

Action                   || total
-------------------------++-------
Melee: Long sword        ||    79
Armor: Leather armour    ||    20
Dodge: Dodged            ||    68
       Rpst.: Long sword ||    25
